 Dungeon Crawl Stone Soup version 0.18-a0-1481-g708b138 (webtiles) character file.

6955 Ratboiler the Cleaver (level 10, -11/74 HPs)
             Began as a Demonspawn Artificer on Mar 2, 2016.
             Was an Initiate of Gozag.
             Mangled by Snorg (15 damage)
             ... on level 10 of the Dungeon.
             The game lasted 00:26:24 (9322 turns).

Ratboiler the Cleaver (Demonspawn Artificer)        Turns: 9322, Time: 00:26:24

Health: -11/74     AC:  6    Str: 17    XL:     10   Next: 80%
Magic:  0/13       EV: 11    Int: 12    God:    Gozag
Gold:   303        SH:  0    Dex: 16    Spells: 0 memorised, 9 levels left

rFire  . . .     SeeInvis .     a - +11 broad axe of the Candle {venom, Str+3}
rCold  . . .     Gourm    .     o - +0 ring mail {rN+}
rNeg   + . .     Faith    .     (no shield)
rPois  .         Spirit   +     (helmet restricted)
rElec  .         Dismiss  .     (no cloak)
rCorr  .         Reflect  .     (no gloves)
SustAt .         Harm     +     M - +0 pair of boots
MR     ++...     Rnd*Rage +     q - amulet of harm
Stlth  ++........               C - ring of protection from magic
                                i - -2 ring of intelligence

@: very resistant to hostile enchantments, unstealthy
A: antennae 1, thin skeletal structure 1, berserk 1, high mp 1, magic resistance
1, spiny 2, magic shield
a: Potion Petition, Call Merchant, Bribe Branch, Renounce Religion


You were on level 10 of the Dungeon.
You worshipped Gozag.
Gozag was noncommittal.
You were not hungry.

You visited 2 branches of the dungeon, and saw 12 of its levels.
You also visited: Sewer and Ossuary.

You collected 2075 gold pieces.
You spent 279 gold pieces at shops.
You paid 1493 gold pieces to Gozag.

Inventory:

Hand Weapons
 a - the +11 broad axe of the Candle (weapon) {venom, Str+3}
   (You bought it in a shop on level 9 of the Dungeon)

   It poisons the flesh of those it strikes.
   It affects your strength (+3).
 b - a +0 blowgun
 E - a +2 whip of venom
 S - the +11 hand axe of Wounding {chop, *Rage Int+6 Dex+2}
   (You found it on level 5 of the Dungeon)

   It inflicts extra damage upon your enemies.
   It affects your intelligence (+6).
   It affects your dexterity (+2).
   It may make you go berserk in combat.
Missiles
 t - 221 stones (quivered)
 I - 35 poisoned needles
 O - 7 needles of sleeping
Armour
 o - a +0 ring mail of positive energy (worn)
 D - a +0 shield
 M - a +0 pair of boots (worn)
Jewellery
 i - a -2 ring of intelligence (left hand)
 q - an amulet of harm (around neck)
 C - a ring of protection from magic (right hand)
Wands
 c - a wand of flame (0/48)
 d - a wand of enslavement (4/24)
 e - a wand of random effects (15/48)
 g - a wand of random effects (24/48)
 m - a wand of random effects (22/48)
 s - a wand of digging (4/24)
 v - a wand of polymorph (0/24)
 w - a wand of teleportation (1/9)
 L - a wand of slowing (29/48)
Scrolls
 l - 2 scrolls of amnesia {unknown}
 n - a scroll of enchant weapon {unknown}
 u - 4 scrolls of teleportation
 x - a scroll of recharging {unknown}
 y - 2 scrolls of noise {unknown}
 G - a scroll of fog {unknown}
 K - a scroll of random uselessness {unknown}
 N - a scroll of brand weapon {unknown}
 R - 3 scrolls of remove curse
Potions
 h - a potion of haste {unknown}
 j - 6 potions of flight
 k - 11 potions of curing
 r - 3 potions of heal wounds {unknown}
 z - 3 potions of mutation
 A - a potion of cure mutation {unknown}
 F - 5 potions of agility {unknown}
 H - a potion of might
 J - 4 potions of invisibility {unknown}
 P - a potion of degeneration {unknown}
 Q - a potion of berserk rage {unknown}
Comestibles
 f - 9 bread rations
 p - 22 fruits


   Skills:
 - Level 5.5 Fighting
   Level 0.8(1.5) Short Blades
   Level 1.9(2.0) Long Blades
 * Level 13.6 Axes
 - Level 1.7 Dodging
 - Level 0.8 Stealth
 - Level 3.0 Evocations


You had 9 spell levels left.
You didn't know any spells.

Dungeon Overview and Level Annotations

Branches:
Dungeon (11/15)            Temple (1/1) D:4
   Lair: D:8-11         Orc: D:9-12

Altars:
Ashenzari
Cheibriados
Dithmenos
Elyvilon
Fedhas
Gozag
Kikubaaqudgha
Makhleb
Nemelex Xobeh
Okawaru
Pakellas
Qazlal
Ru
Sif Muna
Trog
Vehumet
Xom
Yredelemnul
Zin
The Shining One

Shops:
D:9 (

Annotations:
D:3 Vahdor's ghost, weakling DsBe
D:5 Sigmund
D:7 Menkaure
D:10 Snorg


Innate Abilities, Weirdness & Mutations

You have a pair of small antennae on your head.
You have a somewhat thin skeletal structure (Dex +2, Stealth).
You are mostly covered in sharp spines.
When hurt, damage is shared between your health and your magic reserves.
You tend to lose your temper in combat.
You have an increased reservoir of magic (+10% MP).
You are resistant to hostile enchantments.


Message History

Snorg is heavily wounded.
Snorg is struck by your spines. Snorg bites you but does no damage.
Snorg closely misses you. Snorg claws you. Snorg is struck by your spines.
Snorg bites you!! Snorg claws you! Snorg closely misses you.
Unknown command.
You slice Snorg!!
Snorg is severely wounded.
Snorg is struck by your spines. Snorg bites you. Snorg claws you!
* * * LOW HITPOINT WARNING * * *
Snorg misses you.
Unknown command.
Drink which item? (? for menu, Esc to quit)
Okay, then.
Read which item? (? for menu, Esc to quit)
Okay, then.
Snorg bites you!
* * * LOW HITPOINT WARNING * * *
Snorg claws you but does no damage. Snorg claws you!
You die...
Your body crumbles into a pile of gold.

##...#.....#####....##....#######
.....#.....#..............#......
)....#>....#..............#......
.....#.....#..............#......
#########..#############..##.....
....#............................
....#............................
....#......####'####.............
....#......#....@..#.............
##..#####..#.....T.##..#####..###
.#.........#...#...##............
####.......+..###..'.............
...##......#...#...#.............
.PP.#......#.......##............
♣...'......#.......##....##......
....#......####'####.............
...##........#.....#.............


You could see Snorg (berserk).

Vanquished Creatures
  A centaur warrior (D:11)
  The ghost of Ratboiler the Cleaver, a novice HOAK of Lugonu (D:7)
  A hill giant (D:10)
  The ghost of EnragedOxygen the Covert, a novice SpEn of Dithmenos (D:8)
  A tengu conjurer (D:10)
  Prince Ribbit (D:6)
  3 yaks (D:10)
  Duvessa (D:4)
  5 ice beasts
  An orc warrior (D:9)
  2 sky beasts
  3 black bears
  A necrophage (D:10)
  3 ogres
  8 centaurs
  3 big kobolds
  A giant frog (D:6)
  2 water moccasin zombies (Ossuary)
  4 scorpions
  A howler monkey (D:3)
  2 quasits
  2 centaur zombies
  3 hounds
  2 jellies (D:9)
  5 orc priests
  A centaur skeleton (D:8)
  An iguana (D:9)
  10 orc wizards
  6 worker ants
  4 big kobold zombies (Ossuary)
  A hound zombie (D:8)
  A hound skeleton (D:4)
  2 mummies (Ossuary)
  A worker ant zombie (D:7)
  10 adders
  6 river rats
  2 shadow imps
  2 oozes
  An adder skeleton (D:8)
  8 adder zombies
  A worm (D:5)
  A dart slug (D:2)
  3 giant geckos
  26 orcs
  4 bats
  5 giant cockroaches
  6 goblins
  4 hobgoblins
  14 jackals
  4 quokkas
  8 ball pythons
  4 giant newts
  2 gnoll zombies (Ossuary)
  2 hobgoblin zombies (Ossuary)
  37 kobolds
  4 kobold zombies (Ossuary)
  4 orc zombies (Ossuary)
  A quokka skeleton (D:4)
  26 rats
  A plant (D:10)
271 creatures vanquished.

Vanquished Creatures (collateral kills)
  Dowan (D:4)
  An orc (D:3)
  A giant cockroach (D:4)
  A goblin (D:1)
  A kobold (D:1)
  A rat (D:1)
6 creatures vanquished.

Vanquished Creatures (others)
  A gargoyle (D:11)
  An adder (D:3)
  2 orcs (D:3)
  A fungus (D:5)
5 creatures vanquished.

Grand Total: 282 creatures vanquished

Notes
Turn   | Place    | Note
--------------------------------------------------------------
     0 | D:1      | Ratboiler the Demonspawn Artificer began the quest for the Orb.
     0 | D:1      | Reached XP level 1. HP: 15/15 MP: 3/3
   496 | D:1      | Gained mutation: When hurt, damage is shared between your health and your magic reserves. [demonic ancestry]
   496 | D:1      | Reached XP level 2. HP: 19/22 MP: 4/4
   911 | D:2      | Reached XP level 3. HP: 25/29 MP: 3/5
  1003 | D:2      | Found a shimmering altar of Xom.
  1003 | D:2      | Found a sacrificial altar of Ru.
  1549 | D:2      | Reached XP level 4. HP: 37/37 MP: 6/6
  1745 | D:3      | Noticed Vahdor's ghost (weakling DsBe)
  2220 | D:3      | Gained mutation: You have a pair of small antennae on your head. [demonic ancestry]
  2220 | D:3      | Reached XP level 5. HP: 36/43 MP: 4/7
  2386 | D:4      | Found a staircase to the Ecumenical Temple.
  2395 | Temple   | Entered the Ecumenical Temple
  2469 | Temple   | Became a worshipper of Gozag Ym Sagoz the Greedy
  2527 | D:4      | Reached skill level 5 in Fighting
  2840 | D:4      | Noticed Duvessa
  2840 | D:4      | Noticed Dowan
  2877 | D:4      | Killed Dowan
  2877 | D:4      | Reached skill level 1 in Long Blades
  2903 | D:4      | Killed Duvessa
  3386 | D:5      | Entered Level 5 of the Dungeon
  3496 | D:5      | Noticed a steam dragon
  3496 | D:5      | Noticed a steam dragon
  4032 | D:5      | Reached XP level 6. HP: 41/51 MP: 8/8
  4172 | D:5      | Got a fine hand axe
  4173 | D:5      | Identified the +11 hand axe of Wounding {chop, *Rage Int+6 Dex+2} (You found it on level 5 of the Dungeon)
  4253 | D:5      | Noticed Sigmund
  4276 | D:6      | Noticed a sky beast
  4278 | D:6      | Reached skill level 2 in Axes
  4279 | D:6      | Killed a sky beast
  4279 | D:6      | Reached skill level 3 in Axes
  4337 | D:6      | Gained mutation: You have a somewhat thin skeletal structure (Dex +2, Stealth). [demonic ancestry]
  4337 | D:6      | Reached XP level 7. HP: 46/56 MP: 9/9
  4345 | D:6      | Reached skill level 4 in Axes
  4508 | D:6      | Noticed Edmund
  4511 | D:6      | Noticed Edmund
  4511 | D:6      | Edmund changed into Edmund the ogre
  4565 | D:6      | Killed Edmund the ogre
  4565 | D:6      | Reached skill level 5 in Axes
  4649 | D:6      | Noticed Prince Ribbit
  4673 | D:6      | Gained mutation: You tend to lose your temper in combat. [potion of mutation]
  4673 | D:6      | Gained mutation: You are resistant to hostile enchantments. [potion of mutation]
  4673 | D:6      | Gained mutation: You have an increased reservoir of magic (+10% MP). [potion of mutation]
  4676 | D:6      | Killed Prince Ribbit
  4676 | D:6      | Reached skill level 6 in Axes
  4676 | D:6      | Gained mutation: You are partially covered in sharp spines. [demonic ancestry]
  4676 | D:6      | Reached XP level 8. HP: 24/63 MP: 0/11
  4764 | D:6      | Found a glowing drain.
  4769 | Sewer    | Entered a sewer
  5143 | Sewer    | Reached skill level 7 in Axes
  5696 | D:7      | Reached skill level 8 in Axes
  5855 | D:7      | Noticed Ratboiler's ghost (novice HOAK)
  5863 | D:7      | Killed Ratboiler's ghost
  5863 | D:7      | Reached skill level 9 in Axes
  5863 | D:7      | Gained mutation: You are mostly covered in sharp spines. [demonic ancestry]
  5863 | D:7      | Reached XP level 9. HP: 60/68 MP: 6/12
  6247 | D:7      | Reached skill level 10 in Axes
  6438 | D:7      | Noticed Menkaure
  6563 | D:8      | Noticed EnragedOxygen's ghost (novice SpEn)
  6904 | D:8      | Found a sand-covered staircase.
  6913 | Ossuary  | Entered an ossuary
  7059 | Ossuary  | Reached skill level 11 in Axes
  7785 | D:8      | Killed EnragedOxygen's ghost
  7785 | D:8      | Reached XP level 10. HP: 72/74 MP: 13/13
  8125 | D:9      | Bought an encrusted broad axe for 279 gold pieces
  8125 | D:9      | Identified the +11 broad axe of the Candle {venom, Str+3} (You bought it in a shop on level 9 of the Dungeon)
  8126 | D:9      | Found a white marble altar of Elyvilon.
  8134 | D:9      | Reached skill level 12 in Axes
  8653 | D:10     | Entered Level 10 of the Dungeon
  8870 | D:10     | Noticed a hill giant
  8900 | D:11     | Noticed a centaur warrior
  8900 | D:11     | Noticed a gargoyle
  8904 | D:11     | Killed a centaur warrior
  8909 | D:11     | Killed a gargoyle
  8916 | D:11     | Reached skill level 13 in Axes
  9059 | D:11     | Noticed a cyan ugly thing
  9069 | D:10     | Killed a hill giant
  9306 | D:10     | Noticed Snorg
  9322 | D:10     | Mangled by Snorg

Vault maps used:
D:1:      dpeg_arrival_orchard, minivault_11
D:2:      grunt_temple_overflow_open
D:3:      kennysheep_another_room, uniq_crazy_yiuf_cottage
D:4:      minmay_temple_entry_grid, first_bread, kennysheep_generic_room_15,
          uniq_duvessa
D:5:      kennysheep_steamy, glass_columns_a, uniq_sigmund
D:6:      portal_sewer_entry_e, uniq_edmund, uniq_prince_ribbit1
D:7:      uniq_menkaure
D:8:      enter_ossuary_1
D:9:      basic_altar
D:10:     grunt_tengu_nest, kennysheep_generic_room_8, uniq_snorg
D:11:     cheibrodos_orc_bank, dpeg_lair_monsters, serial_shops,
          kennysheep_mini, uniq_josephine
Temple:   grunt_circular_temple_18
Sewer:    sewer_minmay_treatment
Ossuary:  ossuary_tomb_2

Skill      XL: |  1  2  3  4  5  6  7  8  9 10 |
---------------+-------------------------------+-----
Fighting       | 2 3 4 5 |  5.5
Long Blades    | 1 |  1.9
Axes           | 3 6 9 11 13 | 13.6
Short Blades   | |  0.8
Dodging        | |  1.7
Stealth        | |  0.8
Evocations     | |  3.0

Action                   |  1- 3 |  4- 6 |  7- 9 | 10-12 || total
-------------------------+-------+-------+-------+-------++-------
Melee: Dagger            |   127 |   112 |       |       ||   239
       Short sword       |       |    34 |       |       ||    34
       Hand axe          |       |    13 |   207 |    15 ||   235
       Broad axe         |       |       |       |    63 ||    63
Invok: Potion Petition   |       |       |     2 |     1 ||     3
       Call Merchant     |       |       |       |     1 ||     1
Evoke: Wand              |    11 |    17 |     4 |     2 ||    34
  Use: Scroll            |       |     3 |       |     1 ||     4
       Potion            |       |       |     3 |       ||     3
 Stab: Sleeping          |       |       |     4 |       ||     4
       Distracted        |       |       |     2 |       ||     2
       Invisible         |       |       |       |     1 ||     1
  Eat: Chunk             |     2 |     2 |       |       ||     4
       Fruit             |       |     2 |       |       ||     2
       Meat ration       |       |     2 |     3 |       ||     5
       Beef jerky        |       |       |     2 |     1 ||     3
